 Dungeon Crawl Stone Soup version 0.19-a0-1553-g64c24c3 (webtiles) character file.

82 Svalin the Cudgeler (level 4, -7/35 HPs)
             Began as a Formicid Fighter on Sept 14, 2016.
             Killed by divine providence
             ... invoked by an orc priest
              (13 damage)
             ... on level 3 of the Dungeon.
             The game lasted 00:04:04 (2299 turns).

Svalin the Cudgeler (Formicid Fighter)              Turns: 2299, Time: 00:04:06

Health: -7/35      AC:  6    Str: 22    XL:     4   Next: 70%
Magic:  4/4        EV: 12    Int:  7    God:
Gold:   123        SH: 10    Dex: 15    Spells: 0 memorised, 3 levels left

rFire  . . .     SeeInvis +     v - +0 flail (drain)
rCold  . . .     Gourm    .     b - +0 scale mail
rNeg   . . .     Faith    .     c - +0 shield
rPois  .         Spirit   .     (helmet unavailable)
rElec  .         Dismiss  .     (no cloak)
rCorr  .         Reflect  .     (no gloves)
MR     .....     Harm     .     (no boots)
Stlth  +.........               (no amulet)
                                (no ring)
                                (no ring)

@: agile, drained
A: permanent stasis, dig shafts and tunnels, four strong arms, antennae 3
a: Dig, Shaft Self


You were on level 3 of the Dungeon.
You were not hungry.

You visited 1 branch of the dungeon, and saw 3 of its levels.

You collected 123 gold pieces.

Inventory:

Hand Weapons
 v - a +0 flail of draining (weapon)
Armour
 b - a +0 scale mail (worn)
 c - a +0 shield (worn)
Scrolls
 g - a scroll of identify {unknown}
 j - a scroll of remove curse
 k - 2 scrolls of enchant weapon {unknown}
 l - 3 scrolls of teleportation {unknown}
 m - 2 scrolls of amnesia {unknown}
 q - a scroll of recharging {unknown}
 r - a scroll of noise {unknown}
 u - a scroll of fog {unknown}
Potions
 d - a potion of might
 e - a potion of curing {unknown}
 i - a potion of invisibility {unknown}
 o - a potion of lignification {unknown}
 p - a potion of berserk rage
 t - a potion of degeneration {unknown}
Comestibles
 f - 3 bread rations
 h - 4 chunks of flesh
 n - a meat ration


   Skills:
 + Level 3.3(3.1) Fighting
 * Level 4.4(4.3) Maces & Flails
 - Level 3.2(3.1) Armour
 - Level 3.6(3.4) Shields


You had 3 spell levels left.
You didn't know any spells.

Dungeon Overview and Level Annotations

Branches:
Dungeon (3/15)

Altars:
Elyvilon
Gozag
Ru


Innate Abilities, Weirdness & Mutations

You are under a permanent stasis effect.
You can dig through walls and to a lower floor.
Your four strong arms can wield two-handed weapons with a shield.
You have a pair of large antennae on your head. (SInv)


Message History

The orc priest shouts!
The orc priest moves out of view.
The orc priest miscasts a cantrip.
It was a potion of berserk rage.
You cannot go berserk while under stasis.
The orc priest looks braver for a moment.
Okay, then.
As you read the scroll labeled KENIYZ GUQOYZ, it crumbles to dust.
You feel blessed for a moment.
It was a scroll of remove curse.
It was a potion of agility.
You feel agile all of a sudden.
The orc priest invokes the aid of Beogh against you.
Pain shoots through your body!
You closely miss the orc priest.
The orc priest calls down the wrath of Beogh upon you.
Beogh smites you!
* * * LOW HITPOINT WARNING * * *
The orc priest invokes the aid of Beogh against you.
Beogh smites you!
You die...

##########
.....>...# #
........<# ...
$.......)######.....
....><...#..@o......
........)#o##.##.g..
...........# ## .
..........o#
...........#
............
.............
.........?..o
..............


You could see 2 orc priests and a gnoll (wandering).

Vanquished Creatures
  An adder (D:2)
  3 gnolls (D:2)
  2 dart slugs
  3 orcs (D:3)
  4 bats (D:2)
  A giant cockroach (D:3)
  6 goblins
  5 hobgoblins (D:2)
  6 kobolds
  2 frilled lizards (D:2)
  4 rats
37 creatures vanquished.

Notes
Turn   | Place    | Note
-------+----------+-------------------------------------------
     0 | D:1      | Svalin the Formicid Fighter began the quest for the Orb.
     0 | D:1      | Reached XP level 1. HP: 18/18 MP: 1/1
   540 | D:1      | Reached XP level 2. HP: 24/24 MP: 2/2
  1187 | D:2      | Reached skill level 3 in Maces & Flails
  1324 | D:2      | Reached XP level 3. HP: 29/29 MP: 3/3
  1371 | D:2      | Found an opulent altar of Gozag.
  1590 | D:2      | Found a white marble altar of Elyvilon.
  1590 | D:2      | Found a sacrificial altar of Ru.
  1724 | D:2      | Reached XP level 4. HP: 35/35 MP: 4/4
  1733 | D:2      | Reached skill level 4 in Maces & Flails
  2299 | D:3      | Killed from afar by an orc priest

Vault maps used:
D:1:      minmay_arrival_five_plusses
D:2:      gammafunk_temple_overflow_elements, grunt_gozag_breadcrumbs,
          item_on_display_a
D:3:      minmay_misc_feat_square

Skill      XL: |  1  2  3  4 |
---------------+-------------+-----
Maces & Flails | 3 4 |  4.4
Fighting       | |  3.3
Armour         | |  3.2
Shields        | |  3.6

Action                   |  1- 3 |  4- 6 || total
-------------------------+-------+-------++-------
Melee: Flail             |    83 |    39 ||   122
  Use: Potion            |       |     2 ||     2
       Scroll            |       |     1 ||     1
  Eat: Beef jerky        |     1 |       ||     1
       Chunk             |     1 |     2 ||     3
Armor: Scale mail        |    41 |     8 ||    49
Dodge: Dodged            |    28 |    12 ||    40
Block: Shield            |    41 |    19 ||    60
